 Dungeon Crawl Stone Soup version 0.29-a0-393-g47a863cc1b (webtiles) character file.

Game seed: 6438380034092394815

575 bande the Covered (level 7, 0/44 HPs)
             Began as a Gargoyle Fighter on May 11, 2022.
             Was a Follower of Okawaru.
             Slain by a human zombie (1 damage)
             ... in an ossuary.
             The game lasted 00:05:49 (3831 turns).

bande the Covered (Gargoyle Fighter)                Turns: 3831, Time: 00:05:50

Health: 0/44       AC: 12    Str: 19    XL:     7   Next: 35%
Magic:  0/9        EV:  9    Int:  9    God:    Okawaru [*.....]
Gold:   140        SH:  5    Dex: 11    Spells: 6/6 levels left

rFire   . . .      SeeInvis .   a - +0 war axe (venom)
rCold   . . .      Faith    .   c - +1 buckler
rNeg    + . .      Spirit   +   b - +0 scale mail
rPois   ∞          Reflect  .   (no helmet)
rElec   +          Harm     .   (no cloak)
rCorr   .          Rampage  .   (no gloves)
Will    .....                   (no boots)
Stlth   ..........              p - amulet of Law {Spirit rElec}
HPRegen 0.14/turn               (no ring)
MPRegen 0.11/turn               (no ring)

@: hasted, very quick
A: sickness immunity, AC +4, negative energy resistance 1, electricity
resistance, torment resistance 1, petrification resistance
a: Renounce Religion, Heroism


You were in an ossuary.
You worshipped Okawaru.
Okawaru was aware of your devotion.
You visited 1 branch of the dungeon, and saw 4 of its levels.
You also visited: Ossuary.

You collected 140 gold pieces.

Inventory:

Hand Weapons
 a - a +0 war axe of venom (weapon)
 m - a +0 flail
Armour
 b - a +0 scale mail (worn)
 c - a +1 buckler (worn)
Jewellery
 p - the amulet of Law (around neck) {Spirit rElec}
   (You found it on level 3 of the Dungeon)

   [amulet of guardian spirit]

   It causes incoming damage to be divided between your reserves of health and
   magic.
   rElec:     It insulates you from electricity.
Scrolls
 d - a scroll of amnesia
 g - a scroll of brand weapon
 h - a scroll of identify
 i - a scroll of enchant armour
 k - a scroll of teleportation
Potions
 e - 3 potions of attraction
 f - 2 potions of cancellation
 n - a potion of resistance {unknown}
 o - a potion of magic {unknown}
 q - a potion of heal wounds {unknown}


   Skills:
 + Level 4.4 Fighting
 + Level 4.6 Axes
 + Level 4.9 Armour
 + Level 4.3 Shields
 * Level 3.1 Invocations


You had 6 spell levels left.
You didn't know any spells.
Your spell library was empty.

Dungeon Overview and Level Annotations

Branches:
Dungeon (4/15)            Ossuary (1/1)
 Temple: D:4-7

Altars:
Okawaru

Shops:
D:2 (


Innate Abilities, Weirdness & Mutations

You are immune to sickness and miasma.
Your stone body is resilient. (AC +4)
You are immune to poison.
You resist negative energy. (rN+)
You are resistant to electric shocks. (rElec)
You are resistant to unholy torment.
You are immune to petrification.


Message History

Okawaru accepts your kill.
You hit the human zombie.
An orc zombie comes into view.
The mummy hits you!
* * * LOW HITPOINT WARNING * * *
You block the human zombie's attack. The human zombie hits you.
* * * LOW HITPOINT WARNING * * *
You slash the human zombie!
The human zombie is almost destroyed.
You hit the adder zombie. You hit the human zombie.
You barely miss the orc zombie. You barely miss the mummy.
The adder zombie barely misses you.
An orc zombie comes into view.
You block the mummy's attack. The orc zombie closely misses you.
The human zombie hits you but does no damage.
The human zombie completely misses you. The adder zombie barely misses you.
You closely miss the human zombie.
The human zombie is almost destroyed.
You hit the mummy but do no damage. You slash the orc zombie!
You hit the human zombie. You hit the adder zombie.
You block the adder zombie's attack. The orc zombie closely misses you.
The mummy hits you!
* * * LOW HITPOINT WARNING * * *
You block the human zombie's attack. The human zombie closely misses you.
It was a potion of attraction.
You feel attractive to monsters. The adder zombie barely misses you.
The orc zombie closely misses you. The mummy is attracted toward you.
The orc zombie is attracted toward you. x3
It was a potion of cancellation.
Your magical effects are unravelling.
You feel magically purged.
The sentinel's mark upon you fades away.
The adder zombie bites you but does no damage.
You block the human zombie's attack. x2; The mummy hits you.
* * * LOW HITPOINT WARNING * * *
The orc zombie is attracted toward you.
You feel less attractive to monsters.
It was a potion of haste.
You feel yourself speed up.
The adder zombie bites you but does no damage.
The orc zombie closely misses you. The human zombie hits you.
You die... #.......Z......... #...######..###### #...# #^Z# # #..§# #^.# # #.§.# #^.# # #Z§§# .... # #ZZ.# ##.... # #MZM#

#.... # #@Z.#
#.... # #ZZ.#
#.∩... # #...# #
#...# # #...# #
#...##############
#.................
#.........∩!......
##################


You could see 2 mummies, an adder zombie, 4 orc zombies and 2 human zombies.

Vanquished Creatures
  Grinder (D:3)
  A black bear (D:4)
  A scorpion (D:4)
  2 centaur zombies (Ossuary)
  A hound (D:4)
  Robin (D:4)
  3 adders
  A worm (D:2)
  2 orcs
  9 ball pythons
  4 bats
  6 endoplasms
  15 goblins
  4 hobgoblins
  2 quokkas (D:3)
  A frilled lizard (D:3)
  11 hobgoblin zombies (Ossuary)
  A jackal zombie (Ossuary)
  6 kobolds
  7 kobold zombies (Ossuary)
  7 orc zombies (Ossuary)
  4 rats
  2 rat zombies (Ossuary)
92 creatures vanquished.

Vanquished Creatures (others)
  2 plants (D:3)
2 creatures vanquished.

Grand Total: 94 creatures vanquished

Notes
Turn   | Place    | Note
-------+----------+-------------------------------------------
     0 | D:1      | bande the Gargoyle Fighter began the quest for the Orb.
     0 | D:1      | Reached XP level 1. HP: 14/14 MP: 1/1
   257 | D:1      | Reached XP level 2. HP: 19/19 MP: 2/2
   416 | D:1      | Found a faded altar of an unknown god.
  1151 | D:2      | Reached XP level 3. HP: 19/23 MP: 3/3
  1240 | D:2      | Found Xiuwe's Weapon Shop.
  1454 | D:2      | Found an iron altar of Okawaru.
  1462 | D:2      | Became a worshipper of Warmaster Okawaru
  2040 | D:3      | Noticed Grinder
  2044 | D:3      | Paralysed by Grinder for 3 turns
  2045 | D:3      | Reached XP level 4. HP: 24/28 MP: 4/4
  2476 | D:3      | Paralysed by Grinder for 2 turns
  2510 | D:3      | Killed Grinder
  2510 | D:3      | Reached * piety under Okawaru
  2511 | D:3      | Reached XP level 5. HP: 7/33 MP: 4/6
  2511 | D:3      | Reached XP level 6. HP: 8/38 MP: 4/7
  3046 | D:3      | Identified the amulet of Law {Spirit rElec}
  3432 | D:4      | Noticed Robin
  3446 | D:4      | Killed Robin
  3449 | D:4      | Noticed a black bear
  3459 | D:4      | Killed a black bear
  3460 | D:4      | Reached XP level 7. HP: 21/44 MP: 3/9
  3669 | D:4      | Found a sand-covered staircase.
  3678 | Ossuary  | Entered an ossuary
  3830 | Ossuary  | HP: 1/44 [mummy (2)]
  3831 | Ossuary  | Slain by a human zombie

Illustrated notes

Levels and vault maps discovered:
D:1:      mushboom_english_gardens, layout_rooms,
          shapermc_ecumenical_altar_petra, minivault_5
D:2:      layout_basic, serial_shops, nicolae_shop_stone, basic_altar,
          chequers_serial_rivers_marsh
D:3:      layout_rooms, chequers_serial_rivers_small_3, hex_medium,
          st_stairs_10, chequers_serial_rivers_marsh, serial_bayou_lagoon_b,
          uniq_grinder
D:4:      layout_basic, temple_fountains, enter_ossuary_1, serial_bayou_pond_d,
          uniq_blork_the_orc, uniq_robin
Ossuary:  ossuary_tomb_1

Skill      XL: |  1  2  3  4  5  6  7 |
---------------+----------------------+-----
Axes           | 2 3 4 |  4.6
Fighting       | 4 |  4.4
Armour         | 4 |  4.9
Shields        | 4 |  4.3
Invocations    | 2 3 |  3.1

Action                   |  1- 3 |  4- 6 |  7- 9 || total
-------------------------+-------+-------+-------++-------
Melee: War axe           |   113 |    62 |    63 ||   238
  Use: Potion            |       |     1 |     3 ||     4
       Scroll            |       |     6 |       ||     6
Armor: Scale mail        |    64 |    47 |    66 ||   177
Dodge: Dodged            |    70 |    30 |    54 ||   154
Block: Buckler           |    30 |    22 |    30 ||    82

Table legend: (Time is in decaauts)
 A = Elapsed time spent in this place.
 B = Non-inter-level travel time spent in this place.
 C = Inter-level travel time spent in this place.
 D = Time resting spent in this place.
 E = Time spent auto-exploring this place.
 F = Levels seen in this place.
 G = Mean time per level.
                   A        B        C        D        E       F      G
               +--------+--------+--------+--------+--------+-----+--------+
         Total |   3947 |   3886 |     61 |    838 |   2169 |   5 |  789.4 |
       Dungeon |   3775 |   3714 |     61 |    838 |   2133 |   4 |  943.8 |
       Ossuary |    172 |    172 |      0 |      0 |     36 |   1 |  172.0 |
               +--------+--------+--------+--------+--------+-----+--------+

Top non-repeatable levels by time:
     D:2: 1807 daAuts
     D:1: 919 daAuts
     D:3: 781 daAuts
     D:4: 266 daAuts
 Ossuary: 172 daAuts
